[Event "98th Caplin Hastings Masters 2024-25"]
[Site "Hastings"]
[Date "2025.01.01"]
[Round "7.1"]
[White "Laurent-Paoli, Pierre"]
[Black "Stefansson, Vignir Vatnar"]
[Result "1/2-1/2"]
[ECO "B12"]
[WhiteElo "2559"]
[BlackElo "2537"]
[Annotator "TA"]
[PlyCount "113"]
[EventDate "2024.12.23"]
[EventType "swiss"]
[EventCountry "ENG"]
[SourceTitle "playchess.com"]
[Source "ChessBase"]
[SourceQuality "1"]
[TimeControl "5400+30"]

1. e4 c6 2. d4 d5 3. e5 c5 4. Nf3 cxd4 5. Qxd4 Nc6 6. Qf4 g6 7. Nc3 d4 {[%emt 0:00:35][%cal Of8h6] and ...Bh6! should not be overlooked Dodges Be3} 8. Nb5 {[%emt 0:02:01][%cal Oe5e6] Hoping for e6!.} Bh6 9. Qh4 $1 {[%emt 0:03:08] White is much more active.} Bxc1 10. Rxc1 a6 11. Nbxd4 Nxe5 12. Nxe5 Qa5+ 13. c3 Qxe5+ 14. Be2 Nf6 15. O-O O-O 16. Rfe1 Qc7 17. Bf3 Kg7 18. Qg5 h6 19. Qe5 Qxe5 20. Rxe5 Re8 21. c4 Rb8 22. c5 Bg4 23. Bxg4 Nxg4 24. Re2 Rbd8 25. Nb3 Rd5 26. Na5 b6 27. Nb3 bxc5 28. Nxc5 a5 29. h3 Nf6 30. Na4 e6 31. Nc3 Rd3 32. Rcc2 Red8 33. Re5 Rd2 34. Rxd2 Rxd2 $11 {[%emt 0:00:04][%mdl 4096] Endgame KRN-KRN} 35. Re2 Rd4 36. Kf1 Nd5 37. Nxd5 exd5 {[%emt 0:00:06] KR-KR} 38. Ke1 a4 39. Rd2 Rb4 40. Kd1 Kf6 41. Re2 h5 42. Kc2 Rc4+ 43. Kd3 Rb4 44. Kc3 Rc4+ 45. Kd2 Rb4 46. Kc2 Rc4+ 47. Kb1 Rc6 48. Re3 Re6 49. b3 axb3 50. axb3 Ke7 51. Kc2 Kd7 52. Rf3 Rc6+ 53. Kd3 Ke6 54. Re3+ Kd6 55. Rf3 Ke6 {[%emt 0:00:10] Wards off Rf6+} 56. Re3+ Kd6 57. Rf3 1/2-1/2

[Event "98th Caplin Hastings Masters 2024-25"]
[Site "Hastings"]
[Date "2025.01.01"]
[Round "7.2"]
[White "Zhang, Pengxiang"]
[Black "Seo, Jung Min"]
[Result "1/2-1/2"]
[ECO "B95"]
[WhiteElo "2567"]
[BlackElo "2491"]
[Annotator "TA"]
[PlyCount "71"]
[EventDate "2024.12.23"]
[EventType "swiss"]
[EventCountry "ENG"]
[SourceTitle "playchess.com"]
[Source "ChessBase"]
[SourceQuality "1"]
[TimeControl "5400+30"]

1. e4 c5 2. Nf3 d6 3. d4 cxd4 4. Nxd4 Nf6 5. Nc3 a6 6. Bg5 e6 7. Qf3 Nbd7 8. a4 Be7 9. Bd3 Ne5 10. Qg3 Nxd3+ 11. Qxd3 h6 12. Bh4 O-O 13. O-O Bd7 14. Rfd1 Rc8 15. Nde2 Bc6 16. a5 d5 17. Bxf6 Bxf6 18. exd5 exd5 19. Nd4 Qc7 20. Nce2 Rfe8 21. c3 Rcd8 22. Ng3 g6 23. h3 h5 24. Nf1 Bg5 25. Nd2 Bf6 26. Nf1 Bg5 27. Nd2 Bf6 28. N2f3 Re4 29. Rd2 Bd7 30. Rdd1 Rde8 31. Nd2 {[%emt 0:03:15][%cal Bf3d2,Bd2f1,Bf1g3][%mdl 32] A dynamic duo of knights.} R4e7 32. Nf1 Re4 33. Ng3 R4e7 34. Nf1 Re4 35. Ng3 R4e7 36. Nf1 {[%emt 0:02:02] Not much happened in this game.   Weighted Error Value: White=0.03 (flawless) /Black=0.05 (flawless) .  OK:         	White=18    	Black=8} 1/2-1/2

[Event "98th Caplin Hastings Masters 2024-25"]
[Site "Hastings"]
[Date "2025.01.01"]
[Round "7.3"]
[White "Royal, Shreyas"]
[Black "Balaji, Aaravamudhan"]
[Result "1/2-1/2"]
[ECO "C55"]
[WhiteElo "2522"]
[BlackElo "2364"]
[Annotator "TA"]
[PlyCount "140"]
[EventDate "2024.12.23"]
[EventType "swiss"]
[EventCountry "ENG"]
[SourceTitle "playchess.com"]
[Source "ChessBase"]
[SourceQuality "1"]
[TimeControl "5400+30"]

1. e4 e5 2. Nf3 Nc6 3. Bc4 Nf6 4. d3 Be7 5. O-O O-O 6. Re1 d6 7. a4 Be6 8. Bxe6 fxe6 9. c3 a5 10. Qb3 Qd7 11. Nbd2 b6 12. Nf1 Rae8 13. Ng3 Kh8 14. Bd2 Bd8 15. d4 exd4 16. cxd4 Ne7 17. h4 Ng4 18. h5 Ng8 19. Re2 Qf7 20. Rc1 N8f6 21. Qb5 c5 22. dxc5 dxc5 23. Ng5 Qd7 24. Qb3 Bc7 25. Rce1 Be5 26. Nh3 (26. Qxb6 $2 $19 {too greedy.}) ({White should play} 26. Nf1) 26... c4 27. Qxc4 Bxg3 28. fxg3 Rc8 $1 29. Qb3 {[%emt 0:00:26] [#]} Nxe4 (29... Nxh5 $1 $17 30. e5 (30. Nf4 Qd4+) 30... h6) 30. Rxe4 $11 Qxd2 31. Qd1 Qxd1 32. Rxd1 Nf6 33. Rxe6 Nxh5 34. g4 Nf4 35. Rxb6 h6 $1 36. Rd2 Rc4 37. b3 Rc3 38. Nxf4 Rxf4 39. Rb5 Rxg4 40. Rxa5 Rxb3 41. Ra2 Rgg3 42. Rc5 Rb6 43. a5 Ra6 44. Kf2 Rb3 45. Ra4 Kh7 46. g4 Kg6 47. Rf5 Kh7 48. Ke2 g6 49. Rc5 Kg7 50. Kd2 Kf7 51. Kc2 Rb7 52. Re4 Kf6 53. Kc3 Rb1 54. Ra4 h5 55. gxh5 Rc1+ 56. Kb4 $1 Rxc5 57. Kxc5 gxh5 58. Kb5 Ra8 59. Kb6 Kg5 60. Kb7 Re8 61. a6 h4 62. a7 h3 63. Ra2 Re7+ 64. Kc6 Rxa7 65. Rxa7 Kg4 66. Kd5 h2 67. Rh7 Kg3 68. Ke4 Kg2 69. Rg7+ Kf2 70. Rh7 Kg2 1/2-1/2

[Event "98th Caplin Hastings Masters 2024-25"]
[Site "Hastings"]
[Date "2025.01.01"]
[Round "7.4"]
[White "Kovchan, Alexander"]
[Black "Xue, Haowen"]
[Result "0-1"]
[ECO "E03"]
[WhiteElo "2455"]
[BlackElo "2502"]
[Annotator "TA"]
[PlyCount "56"]
[EventDate "2024.12.23"]
[EventType "swiss"]
[EventCountry "ENG"]
[SourceTitle "playchess.com"]
[Source "ChessBase"]
[SourceQuality "1"]
[TimeControl "5400+30"]

1. d4 Nf6 2. c4 e6 3. g3 d5 4. Bg2 dxc4 5. Qa4+ Nbd7 6. Qxc4 c5 7. dxc5 Bxc5 8. Nh3 Rb8 {[%emt 0:14:48] Black is slightly better.} 9. a4 b6 10. Bf4 e5 11. Bd2 h6 12. Nc3 O-O 13. g4 ({White should play} 13. b4 $15) 13... Bd4 {[%emt 0:18:09][%cal Od7c5] Hoping for ...Nc5!} 14. g5 {[%emt 0:10:02] [#]} hxg5 15. Nxg5 Nc5 $36 {[%emt 0:00:58][%mdl 2048] Keeping White busy.} 16. Nd5 (16. O-O $17 {was called for.}) 16... Bb7 $19 (16... Bxb2 17. Qc2 e4 (17... Bxa1 18. Nxf6+ gxf6 19. Qh7#) 18. Qxb2 $17) 17. Nxf6+ Qxf6 18. O-O e4 {[%emt 0:00:23] ...e3 is the strong threat.} (18... Bxb2 19. Ra2 e4 20. Be3) 19. h4 (19. Nh3 $142 Bxb2 (19... Ba6 $2 20. Qc2 $19) 20. Rab1) 19... Ba6 (19... Bxb2 20. Rab1 $19) 20. Qc2 Bxe2 21. Bxe4 g6 (21... Bxb2 22. Bb4 Bxf1 (22... Bxa1 $2 23. Qxe2 g6 24. Bd5 $19) 23. Rxf1 $19) 22. Ra3 Nxe4 ({Less strong is} 22... Bxb2 23. Bc3 Bxc3 (23... Bxa3 $2 24. Bxf6 Nxe4 25. Nxe4 $18) 24. Qxe2 $19) (22... Bxf1 23. Rf3 Qe7 24. Bb4 $19) 23. Nxe4 Qf5 ({Don't take} 23... Qxh4 24. Bg5 Qh5 25. Bf6 $19) 24. Bh6 $2 (24. Bg5 Bxf1 25. Kxf1) 24... Bxf1 {[%emt 0:00:15] A strong pair of Bishops. Black is clearly winning.} 25. Bxf8 Rc8 26. Qb1 Bxf2+ 27. Kxf1 {[%emt 0:00:16] [#]} Rc1+ $3 28. Qxc1 Be3+ {[%emt 0:00:04] Black took control after the opening.   Weighted Error Value: White=1.14/Black=0.32.  Mistake:       	White=4     	---        Inaccurate:     	White=2     	Black=1      OK:         	White=4     	Black=9      Best:        	White=1     	Black=2} (28... Qxe4 $2 {too greedy.} 29. Kxf2 Qxh4+ 30. Ke2 Qg4+ 31. Kd2 Qg2+ 32. Kd1 Kxf8 33. Qh6+ Kg8 34. Rd3 Qg4+ 35. Kc1 Qc4+ 36. Rc3 Qf1+ 37. Kc2 Qf5+ 38. Kb3 $18) 0-1

[Event "98th Caplin Hastings Masters 2024-25"]
[Site "Hastings"]
[Date "2025.01.01"]
[Round "7.5"]
[White "Ghazarian, Kirk"]
[Black "Waldhausen Gordon, Frederick"]
[Result "1/2-1/2"]
[ECO "C54"]
[WhiteElo "2501"]
[BlackElo "2355"]
[Annotator "TA"]
[PlyCount "94"]
[EventDate "2024.12.23"]
[EventType "swiss"]
[EventCountry "ENG"]
[SourceTitle "playchess.com"]
[Source "ChessBase"]
[SourceQuality "1"]
[TimeControl "5400+30"]

1. e4 e5 2. Nf3 Nc6 3. Bc4 Nf6 4. d3 Bc5 5. O-O d6 6. c3 a6 7. a4 O-O 8. h3 h6 9. Re1 Ba7 10. Nbd2 Be6 (10... Nh5 11. Nf1 Qf6 12. Be3 Be6) 11. Bxe6 (11. b4 {keeps more tension.} Nh5 12. Bb3 Qf6 13. Bxe6 fxe6 14. Nf1) 11... fxe6 12. b4 Ne7 13. Nf1 Ng6 14. Ra2 Qd7 15. Ng3 Qf7 16. Be3 Bxe3 17. Rxe3 Nf4 18. d4 exd4 19. cxd4 Qg6 20. Kh2 Rf7 21. Rc2 h5 22. Kg1 Raf8 23. Qc1 Nh7 24. Kh2 c6 25. Qa3 (25. b5 $11) 25... Ng5 26. Nh4 Qf6 27. Ne2 $1 Nxe2 28. Rcxe2 Qxd4 29. Ng6 Rxf2 (29... Re8 $17 30. f4 Kh7) 30. Nxf8 $11 Qe5+ 31. Kg1 Rxf8 32. Qc3 Qxc3 33. Rxc3 Rf4 34. e5 d5 (34... Rxb4 $2 35. exd6 Rd4 36. Rc5 $16) 35. b5 (35. Rb2 $15) 35... axb5 $17 (35... Rxa4 $6 36. bxc6 bxc6 37. Rxc6 $11) 36. axb5 Ne4 (36... cxb5 $6 37. Rb2 $11) 37. Ra3 {[%emt 0:00:00] [#]} cxb5 ({Better is} 37... c5 $1 $17 {White must now prevent ...c4.} 38. Ra7 d4 39. Rxb7 d3) 38. Rb2 $11 Rf5 39. Rxb5 Rxe5 40. Rxb7 Nd6 41. Rd7 Nf5 42. g3 Kh7 43. Kf2 Re4 44. Kf3 Nd4+ 45. Kf2 Nf5 46. Kf3 Nd4+ 47. Kf2 Nf5 1/2-1/2

[Event "98th Caplin Hastings Masters 2024-25"]
[Site "Hastings"]
[Date "2025.01.01"]
[Round "7.6"]
[White "Vestby-Ellingsen, Mads"]
[Black "Kaasen, Tor Fredrik"]
[Result "0-1"]
[ECO "B45"]
[WhiteElo "2383"]
[BlackElo "2473"]
[Annotator "TA"]
[PlyCount "158"]
[EventDate "2024.12.23"]
[EventType "swiss"]
[EventCountry "ENG"]
[SourceTitle "playchess.com"]
[Source "ChessBase"]
[SourceQuality "1"]
[TimeControl "5400+30"]

1. e4 c5 2. Nf3 e6 3. d4 cxd4 4. Nxd4 Nf6 5. Nc3 Nc6 6. Ndb5 Bc5 7. Nd6+ Ke7 8. Bf4 e5 9. Nf5+ Kf8 10. Bg5 d6 11. Ne3 Be6 12. Qd2 h6 13. Bxf6 Qxf6 14. Ncd5 Qd8 15. O-O-O Rc8 16. Kb1 Ne7 17. f4 Bxe3 18. Qxe3 Bxd5 19. exd5 exf4 20. Qxa7 b6 21. Qa4 g5 22. Qd4 Ng6 23. h4 Rg8 24. hxg5 hxg5 25. Rh7 Ne5 26. Bb5 Rc5 27. a4 Qf6 28. Rdh1 Qf5 29. Qd1 g4 30. b4 Rc7 31. Bd3 Nxd3 32. Qxd3 Qxd3 33. cxd3 f3 34. gxf3 gxf3 35. Kb2 Rg2+ 36. Kb3 Rd2 37. R7h4 Rxd3+ 38. Kb2 Rd2+ 39. Kb3 Rxd5 40. Rf4 Rd3+ 41. Kb2 d5 42. Rh5 Rc4 (42... d4 $142 43. a5) 43. Rf6 $2 (43. Rhf5 Rxf4 44. Rxf4) 43... Rxb4+ 44. Kc2 Rdd4 45. Rhf5 Rdc4+ (45... Rxa4 46. Rxf7+ Ke8 47. Rxf3 $17) 46. Kd2 Rb2+ 47. Kd3 Rc7 (47... Rb3+ $19 48. Kd2 Rb2+ (48... Rxa4 $2 49. Rxf7+ Ke8 50. Kc2 $19) 49. Kd3 Rb3+) 48. Rxd5 $17 Rb3+ (48... Ra2 {simplifies} 49. Rxf3 Ra3+ 50. Ke2 Rxa4 51. Rb3 Rc6) 49. Kd4 $2 (49. Kd2 $17) 49... Rb4+ $2 (49... Ra7 50. Kc4 Ra3 (50... Rxa4+ $2 51. Kxb3 Re4 52. Rdf5 $18) 51. Rxb6 R7xa4+ 52. Rb4 Kg7 (52... Rxb4+ $2 53. Kxb4 Re3 54. Rd2 $19)) 50. Kd3 Rb3+ $2 (50... Rxa4 51. Rxb6 Ra3+ 52. Kd4 Rca7) 51. Kd4 $19 Ra7 52. Kc4 Rb1 $2 (52... Rxa4+ $2 53. Kxb3 Ra7 54. Rxf3 $18 (54. Rxb6 f2 $18)) (52... Ra3 $19 {has better winning chances.} 53. Kb4 R7xa4+ (53... R3xa4+ $2 54. Kb3 $19) 54. Kb5 Ra5+ 55. Kc4 Ke7 (55... R3a4+ $2 56. Kb3 $19)) 53. Rd3 $2 (53. Kc3 $17) 53... Rc7+ $19 54. Kd4 Rd7+ 55. Ke3 Rxd3+ $1 (55... Re1+ 56. Kf2 Rxd3 57. Kxe1 $17) 56. Kxd3 Ke7 57. Rf4 Ke6 $2 (57... Rb2 $1 $19 {Strongly threatening ...f2.} 58. Kc3 Rf2) 58. Ke3 $1 $11 Rb3+ 59. Kf2 f5 60. Rd4 Ke5 61. Rd8 $2 (61. Rc4 $11) 61... Ke4 $19 62. Re8+ Kf4 63. Rb8 $2 (63. Rh8) 63... Rb2+ $19 64. Kf1 Ke3 (64... f2 $142 {( -> ...Kf3)} 65. a5 b5) 65. Re8+ $19 Kd4 66. Ra8 (66. Rf8 {was worth a try.}) 66... Ra2 67. Rb8 $2 (67. Ra7) 67... Kc5 $19 (67... Rxa4 68. Kf2 $17) 68. Rc8+ $2 (68. Ra8 {nothing else works.}) 68... Kd5 $2 (68... Kd6 69. Rc4 Ke6) 69. Rb8 $2 {[%emt 0:00:44] [#]} (69. Ra8 $19) 69... Kc6 $1 (69... Rxa4 70. Rxb6 Ke4 71. Rc6 $17) 70. Rc8+ {[%emt 0:00:24] [#]} Kb7 $1 71. Rc4 Ka6 72. Rf4 Ka5 73. Rxf3 Rxa4 ({Stronger than} 73... Kxa4 74. Rf4+ Ka3 75. Rxf5 $11) 74. Rxf5+ b5 75. Ke2 Rd4 76. Ke3 Rd8 77. Rf1 b4 78. Ra1+ Kb5 79. Ra2 Kc4 (79... b3 $142 80. Ra7 Kb4 81. Rb7+ Kc3 82. Rc7+ Kb2 83. Rh7 Ra8 84. Kd3 Ka2 85. Rh2+ b2 86. Kc3 Rc8+ 87. Kd4 Ka3 (87... Ka1 $2 88. Rh6 $19) 88. Rh3+ Ka4 89. Rh7 Rb8 (89... b1=R $2 90. Rh2 $19) (89... b1=Q $2 90. Ra7+ Kb3 91. Rb7+ Kc2 92. Rxb1 $19) 90. Rh1 b1=Q (90... b1=R $2 91. Rh7 $19) 91. Rxb1 Rxb1 92. Ke4 Re1+ 93. Kf4 Kb3 94. Kg4 Rf1 95. Kh4 Rg1 96. Kh3 Kb2 97. Kh4 Kc3 98. Kh3 Kd4 99. Kh2 Rg6 100. Kh3 Ke5 101. Kh4 Kf4 102. Kh3 Rg8 103. Kh2 Kf3 104. Kh1 Kf2 105. Kh2 Rh8#) 0-1

[Event "98th Caplin Hastings Masters 2024-25"]
[Site "Hastings"]
[Date "2025.01.01"]
[Round "7.7"]
[White "Gormally, Daniel W"]
[Black "Li, Jack"]
[Result "1-0"]
[ECO "D85"]
[WhiteElo "2424"]
[BlackElo "1717"]
[Annotator "TA"]
[PlyCount "157"]
[EventDate "2024.12.23"]
[EventType "swiss"]
[EventCountry "ENG"]
[SourceTitle "playchess.com"]
[Source "ChessBase"]
[SourceQuality "1"]
[TimeControl "5400+30"]

1. d4 Nf6 2. c4 g6 3. Nc3 d5 4. cxd5 Nxd5 5. e4 Nxc3 6. bxc3 Bg7 7. Nf3 c5 8. Rb1 O-O 9. Be2 cxd4 10. cxd4 Qa5+ 11. Bd2 Qxa2 12. O-O Bg4 13. Rxb7 Bxf3 14. Bxf3 Bxd4 15. Bg5 (15. e5 $5 Na6 $8 16. Rxe7 $11) 15... Rd8 16. Qc1 Na6 17. Bxe7 Rac8 18. Qf4 Nc5 $1 19. Bxc5 Rxc5 20. Bd1 {[%emt 0:00:10][%cal Bf3d1,Bd1b3,Bb3d5][%mdl 32] Inhibits Rc2.} Be5 21. Qh4 Rf8 22. Bb3 Qa5 $1 23. Bd5 Rc7 {[%emt 0:00:13] Prevents Qe7} 24. Rxc7 Qxc7 25. g3 Bd4 26. Qg5 Qe5 (26... Qb6 27. Qf4 Qf6 28. Qxf6 Bxf6 29. Rc1 Bd8) 27. Qd2 (27. Qxe5 Bxe5 28. Rc1 Rd8 29. f4) 27... Kg7 28. Kg2 Bb6 29. Rd1 Rd8 30. f4 Qe7 31. Qc3+ Kg8 {[%emt 0:00:01] Black is weak on the light squares} (31... f6 32. h4 Qc7 33. Qxc7+ Bxc7 34. Rc1 Rd7) 32. Rd2 Qc7 33. Qf6 (33. Qxc7 Bxc7 34. Rc2 Bb6 35. Kf3) 33... Rf8 34. Bc6 Rd8 {[%emt 0:00:48] Repels e5} (34... Be3 35. Rc2 Qb6 36. Qb2 Qxb2 37. Rxb2 Rc8) 35. Bd5 (35. Rd5 {simplifies} Rxd5 36. Bxd5 Ba5 37. Kf3) 35... Rf8 36. Bb3 Qb7 37. Re2 Bd8 38. Qc3 Bb6 39. Qf3 (39. Bd5 Qc8 40. Qd3 Qc1 41. Rc2) 39... Re8 (39... Kg7 40. Bd5 Qc8 41. Qa3 Qc5) 40. Bd5 Qc7 41. Qb3 Rf8 (41... Rc8 $11) 42. Rc2 $14 Qd7 43. Rc6 Qg4 44. Qc2 {[%emt 0:00:34] Prevents Qe2+. Active counter play!} (44. Qd3 Rd8 45. Rf6 Rd7 46. h3) 44... Qd7 45. h3 Qe7 46. Qc3 Qd7 47. g4 Qe7 48. g5 (48. Kg3 Rd8 49. h4 Rd7 50. h5) 48... Rd8 49. Qb3 (49. Kf3 Rd7 50. Qf6 Qe8 51. Rc3) 49... Rd6 (49... Rd7 $11 {keeps the balance.}) 50. Qb4 Bc7 51. Qc5 (51. e5 {keeps more tension.} Rd7 52. Qe4 Bxe5 53. fxe5 Qxg5+ 54. Kh1) 51... Rd7 52. Qxe7 (52. Qxa7 Bxf4 53. Rc8+ Kg7 54. Qd4+ Be5 $17) 52... Rxe7 {[%emt 0:00:01][%mdl 4096] Endgame KRB-KRB} 53. Kf3 Kf8 54. h4 Bb6 {[%emt 0:00:09] [#]} 55. h5 $1 Rc7 56. Rf6 Rd7 57. Kg4 Bd4 58. Rc6 Bb6 $1 59. f5 gxf5+ 60. Kxf5 Kg7 61. Bb3 Bc7 (61... Rd2 $14) 62. e5 $16 Bb6 63. Rf6 (63. e6 $142 fxe6+ 64. Rxe6 (64. Bxe6 Rd2 $14) 64... Rf7+ 65. Kg4) 63... Bd8 64. Rc6 ({White should try} 64. e6 Rb7 (64... fxe6+ $2 65. Bxe6 h6 66. Rg6+ Kf8 67. Rg8+ Ke7 68. Bxd7 $18) 65. Bd5 (65. Rxf7+ Rxf7+ 66. exf7 a5 $14) (65. h6+ Kf8 $11) 65... fxe6+ 66. Rxe6 Rf7+ 67. Kg4) 64... Bb6 $1 65. h6+ Kf8 66. e6 fxe6+ 67. Kxe6 Re7+ 68. Kf5 Re2 69. Bc4 Re7 $2 (69... Rd2 70. Rf6+ Ke8) 70. Rf6+ $18 Ke8 71. g6 $2 (71. Bb5+ $18 {is the precise move to win.} Kd8 72. g6 hxg6+ 73. Kxg6) 71... hxg6+ $16 72. Kxg6 ({Much less strong is} 72. Rxg6 Bd4 $14) 72... Re3 {[%emt 0:00:24] [#]} (72... Re1 $16 {might work better.}) 73. Bb5+ $1 $18 Ke7 74. Rf7+ Ke6 {[%emt 0:00:45] And now ...Rg3+ would win.} 75. Bd7+ Kd6 76. Bg4 {[%emt 0:01:08] Strongly threatening h7.} Kc6 $2 (76... Bd4 77. Rd7+ Kc5) 77. Rf6+ Kd5 (77... Kc7 $18 78. h7 Re8 79. Rf7+ Kd6 80. Rd7+ Kc6) 78. h7 Re8 {[%emt 0:00:16] [#]} 79. Be6+ $1 1-0

[Event "98th Caplin Hastings Masters 2024-25"]
[Site "Hastings"]
[Date "2025.01.01"]
[Round "7.8"]
[White "Grutter, Tim"]
[Black "Samarasinghe Jude, Ranga"]
[Result "1-0"]
[ECO "B01"]
[WhiteElo "2379"]
[BlackElo "1944"]
[Annotator "TA"]
[PlyCount "87"]
[EventDate "2024.12.23"]
[EventType "swiss"]
[EventCountry "ENG"]
[SourceTitle "playchess.com"]
[Source "ChessBase"]
[SourceQuality "1"]
[TimeControl "5400+30"]

1. e4 d5 2. exd5 Nf6 3. d4 Nxd5 4. Nf3 Bg4 5. h3 Bh5 6. g4 Bg6 7. Ne5 Nd7 8. Nxg6 hxg6 9. Bg2 c6 10. c4 {[%emt 0:05:15] White is slightly better.} N5b6 11. Qe2 e5 12. dxe5 (12. c5 $14 Nd5 13. Bxd5 (13. dxe5 Nxc5 14. O-O Ne6 $11) 13... cxd5 14. Be3) 12... Bb4+ (12... Nc5 $1 $11 13. Nc3 (13. O-O Qd3 $11) 13... Qd4) 13. Bd2 $16 Nc5 14. O-O (14. Bxb4 $16 Nd3+ 15. Kf1 Nxb4 16. Nc3) 14... Qd3 $14 15. Qxd3 Nxd3 16. Bxb4 Nxb4 {[%emt 0:00:05] A dynamic duo of knights.} 17. Na3 {[%emt 0:04:39] Repels Nc2} (17. Nc3 $14) 17... O-O-O (17... Na4 $15) 18. c5 $1 $36 {[%emt 0:01:58][%mdl 2048] White is on the roll.} Nd7 19. Nc4 Kc7 20. a3 Nd3 21. Nd6 $1 Rdf8 22. b4 Nf4 ({Better is} 22... g5) 23. Rfe1 Nxh3+ 24. Bxh3 Rxh3 25. Kg2 Rd3 26. f4 {[%emt 0:01:57] White is more active.} (26. e6 $1 $16 fxe6 27. Rxe6) 26... g5 $11 27. fxg5 {[%emt 0:04:43][%cal Og5g6] g6! would now be deadly.} Rh8 (27... g6 $11 {remains equal.}) 28. Rh1 (28. Nxf7 $6 Rhh3 $11) (28. Ra2 $16 {[%cal Oa2f2] Black must now prevent Rf2!} Rhh3 29. Ne8+ Kc8 (29... Kd8 $2 30. Nxg7 Nf8 31. Rd2 $16) 30. g6 (30. Nxg7 Rdg3+ 31. Kf2 Rd3 $16) (30. Nd6+ Kc7 $16) 30... Rdg3+ 31. Kf2) 28... Rd2+ (28... Rxh1 $11 29. Rxh1 Nxe5) 29. Kg3 $14 Rd3+ (29... Rxh1 $14 30. Rxh1 Nxe5) 30. Kf4 $18 Rd4+ 31. Ke3 Rxh1 32. Rxh1 Rxg4 33. Nxf7 {[%emt 0:00:17][%mdl 4096] Endgame. And now e6 would win. KRN-KRN} Nf8 {[%emt 0:01:10][%cal Oa7a5] [#]} 34. Kf3 (34. Rd1 $1 $18) 34... Rc4 $2 (34... Rd4 $16 {was worth a try.}) 35. Rd1 {[%emt 0:01:18] Nd6 is the strong threat.} a5 36. Rd8 (36. bxa5 Rxc5 37. a6 bxa6 $11) 36... Ne6 {[%emt 0:00:16] [#]} 37. Rd6 axb4 $2 (37... Rf4+ 38. Ke3 Rxf7 39. Rxe6 Rf5 40. Re7+ (40. bxa5 g6 $18) 40... Kb8) 38. Rxe6 {[%emt 0:02:52] KRN-KR} b3 (38... bxa3 $18 39. Re7+ Kb8 40. Re8+ (40. Nd6 Rc3+ 41. Kf4 a2 $11) 40... Ka7) 39. Re7+ {[%emt 0:00:08] White mates.} Kb8 {[%emt 0:00:04] [#]} 40. Rxb7+ $3 Kxb7 41. Nd6+ Ka6 42. Nxc4 Kb5 43. Nd2 b2 44. e6 {[%emt 0:00:05] Weighted Error Value: White=0.23 (precise) /Black=0.60.  Loses game:     	---       	Black=1      Mistake:       	White=6     	Black=9      Inaccurate:     	White=1     	Black=1      OK:         	White=9     	Black=14     Best:        	White=6     	---        Strong:       	White=2     	---} 1-0

[Event "98th Caplin Hastings Masters 2024-25"]
[Site "Hastings"]
[Date "2025.01.01"]
[Round "7.9"]
[White "Lux, Hugo de Melo"]
[Black "Siva Mahadevan"]
[Result "1-0"]
[ECO "B53"]
[WhiteElo "2327"]
[BlackElo "2349"]
[Annotator "TA"]
[PlyCount "79"]
[EventDate "2024.12.23"]
[EventType "swiss"]
[EventCountry "ENG"]
[SourceTitle "playchess.com"]
[Source "ChessBase"]
[SourceQuality "1"]
[TimeControl "5400+30"]

1. e4 c5 2. Nf3 d6 3. d4 cxd4 4. Qxd4 Nc6 5. Qe3 g6 6. Be2 Bg7 7. O-O Nf6 8. h3 {[%emt 0:00:05] The position is equal.} O-O 9. Rd1 Nd7 10. Nc3 b6 11. Qf4 Bb7 12. Qh4 Nc5 13. Bh6 e6 {[%emt 0:04:44] aiming for ...Qxh4.} (13... Bf6 {is interesting.} 14. Ng5 Re8 15. Bc4 Ne5) 14. Bg5 f6 15. Be3 a6 {[%emt 0:06:59] Prevents Nb5.} (15... f5 $11) 16. Rab1 {[%emt 0:08:29] White has more active pieces.} (16. Qg3 $16) 16... Qc7 17. Qg3 Ne5 $1 18. Nd4 Rae8 19. f4 Nc6 (19... Nf7 $11) 20. Bf3 (20. f5 $14) 20... f5 21. exf5 {[%emt 0:02:32] Strongly threatening Nxc6.} gxf5 22. b4 $36 {[%emt 0:04:14][%mdl 2048] White has some pressure.} Nd7 {[%emt 0:03:54][%mdl 8192] [#] Loses the game.} (22... Nxd4 $1 $11 {and Black is okay.} 23. Bxd4 Bxf3 24. Qxf3 Nd7) 23. Ndb5 $1 axb5 24. Nxb5 Qb8 25. Nxd6 Re7 {[%emt 0:01:31] [#]} 26. Nxb7 Na7 27. Nd6 Kh8 28. c4 e5 29. fxe5 Nxe5 30. Bf4 Nc8 31. c5 bxc5 32. bxc5 Qa7 33. Kh1 Ng6 34. Nxc8 Rxc8 35. Bd6 Re3 36. Qg5 f4 37. c6 {[%emt 0:00:46][%cal Bc5c6,Bc6c7][%mdl 32] And now c7 would win.} Rg8 38. c7 {[%emt 0:00:39] Threatens to win with Rb8.} Rxf3 39. gxf3 Qe3 40. Qd5 {[%emt 0:00:23] Weighted Error Value: White=0.21 (precise) /Black=0.58.  Loses game:     	---       	Black=1      Mistake:       	White=2     	Black=2      Inaccurate:     	White=4     	Black=5      OK:         	White=12    	Black=9      Strong:       	---       	Black=1} 1-0

[Event "98th Caplin Hastings Masters 2024-25"]
[Site "Hastings"]
[Date "2025.01.01"]
[Round "7.10"]
[White "Kolka, David"]
[Black "Gasanov, Eldar"]
[Result "0-1"]
[ECO "C60"]
[WhiteElo "2020"]
[BlackElo "2476"]
[Annotator "TA"]
[PlyCount "76"]
[EventDate "2024.12.23"]
[EventType "swiss"]
[EventCountry "ENG"]
[SourceTitle "playchess.com"]
[Source "ChessBase"]
[SourceQuality "1"]
[TimeControl "5400+30"]

1. e4 e5 2. Nf3 Nc6 3. Bb5 g6 4. d4 exd4 5. Nxd4 Bg7 6. c3 Nf6 7. O-O O-O (7... Nxe4 $6 8. Re1 Nxd4 9. cxd4 $16) 8. Re1 Re8 9. Nd2 a6 10. Nxc6 bxc6 11. Bd3 d5 12. exd5 cxd5 13. Nf3 c5 14. Bf4 Bb7 15. Be5 Qb6 16. Qa4 Re6 17. b4 Ne4 18. Bxg7 Kxg7 19. bxc5 Qxc5 20. Qd4+ Qxd4 21. Nxd4 Rd6 22. Bxe4 dxe4 23. f3 (23. Red1 $15 Rad8 24. g3) 23... Rc8 (23... exf3 $17 24. gxf3 Rc8) 24. Re3 (24. Rad1 $15) 24... f5 (24... exf3 $17 25. Nxf3 Rd5) 25. fxe4 Bxe4 26. Rd1 {[%emt 0:00:27][%cal Od4f5] and Nxf5+! should not be overlooked} Kf6 27. Kf2 h5 28. Rd2 Rb8 29. Ree2 Rc8 30. Re3 g5 31. Rb2 h4 $36 {[%emt 0:00:26][%mdl 2048] Black has the initiative.} 32. a3 Rc5 33. a4 g4 34. Rb8 ({Better is} 34. g3 $15) 34... Rc4 $17 35. a5 Rc5 (35... Ra4 $17 36. Rf8+ Kg6) 36. Rf8+ (36. Rh8 $15) 36... Kg7 37. Nb3 $2 (37. Re8 $17) 37... Rb5 $19 38. c4 Rxb3 ({Less strong is} 38... Kxf8 39. cxb5 axb5 40. g3 $17) 0-1